 Dungeon Crawl Stone Soup version 0.30-a0-802-gb92711bcdf (webtiles) character file.

Game seed: 11955083306302410797

285 Iich the Chopper (level 6, -2/56 HPs)
             Began as a Hill Orc Fighter on Feb 23, 2023.
             Slain by Pikel
             ... wielding a +2 whip of flaming
              (10 damage)
             ... on level 5 of the Dungeon.
             The game lasted 00:04:59 (2669 turns).

Iich the Chopper (Hill Orc Fighter)                 Turns: 2669, Time: 00:04:59

Health: -2/56      AC: 11    Str: 19    XL:     6   Next: 29%
Magic:  6/6        EV:  9    Int:  8    God:
Gold:   226        SH:  4    Dex: 12    Spells: 5/5 levels left

rFire   . . .      SeeInvis .    a - +0 war axe
rCold   . . .      Faith    .    c - +0 buckler
rNeg    . . .      Spirit   .    b - +0 scale mail
rPois   .          Reflect  .    (helmet restricted)
rElec   .          Harm     .    (no cloak)
rCorr   .          Rampage  ∞    (no gloves)
Will    +....                    f - +3 pair of seven-league boots {Rampage+∞} Stlth
                                 s - amulet of regeneration
HPRegen 1.09/turn                p - ring of willpower
MPRegen 0.10/turn                (no ring)

@: no status effects
A: horns 1
a: no special abilities


You were on level 5 of the Dungeon.
You visited 1 branch of the dungeon, and saw 5 of its levels.

You collected 226 gold pieces.

Inventory:

Hand Weapons
 a - a +0 war axe (weapon)
Missiles
 l - a throwing net (quivered)
Armour
 b - a +0 scale mail (worn)
 c - a +0 buckler (worn)
 f - the +3 pair of seven-league boots (worn) {Rampage+∞}
   (You acquired it on level 1 of the Dungeon)

   Rampage+∞: When moving toward enemies, its wearer moves as far as possible.
 u - a +0 plate armour
Jewellery
 h - an amulet of guardian spirit
 p - a ring of willpower (left hand)
 s - an amulet of regeneration (around neck)
 t - a ring of ice
Scrolls
 e - a scroll of blinking
 i - a scroll of teleportation
 j - a scroll of vulnerability
 k - a scroll of enchant weapon
Potions
 d - a potion of might
 g - a potion of curing
 m - a potion of magic {unknown}
 n - a potion of heal wounds {unknown}
 o - a potion of lignification {unknown}
 q - a potion of haste {unknown}
 r - a potion of mutation


   Skills:
 + Level 5.5 Fighting
 * Level 7.1 Axes
 - Level 3.2 Armour
 - Level 3.2 Shields


You had 5 spell levels left.
You didn't know any spells.
Your spell library was empty.

Dungeon Overview and Level Annotations

Branches:
Dungeon (5/15)
 Temple: D:4-7

Altars:

Annotations:
D:5 Pikel


Innate Abilities, Weirdness & Mutations

You have a pair of small horns on your head.


Message History

The lemure closely misses you. x2; The hound bites you but does no damage.
You closely miss Pikel.
Pikel is heavily wounded.
You barely miss the lemure. You hit the lemure. You hit the hound.
The hound barely misses you. Pikel hits you but does no damage.
The lemure closely misses you. You block the lemure's attack.
You block the hound's attack.
You hit Pikel. You headbutt Pikel, but do no damage.
Pikel is severely wounded.
You barely miss the lemure. x2; You hit the hound.
You kill the hound!
The lemure hits you.
* * * LOW HITPOINT WARNING * * *
Pikel hits you with a +2 whip of flaming.
* * * LOW HITPOINT WARNING * * *
Pikel burns you.
* * * LOW HITPOINT WARNING * * *
The lemure hits you but does no damage. Pikel hits you but does no damage.
The lemure hits you but does no damage. x3
Your Axes skill increases to level 7!
You closely miss Pikel.
Pikel is severely wounded.
You barely miss the lemure. You hit the lemure. You barely miss the lemure.
Pikel hits you with a +2 whip of flaming.
* * * LOW HITPOINT WARNING * * *
Pikel burns you.
* * * LOW HITPOINT WARNING * * *
The lemure hits you but does no damage. The lemure closely misses you.
The lemure hits you but does no damage.
You feel better.
Pikel hits you with a +2 whip of flaming!
* * * LOW HITPOINT WARNING * * *
Pikel burns you.
* * * LOW HITPOINT WARNING * * *
The lemure hits you but does no damage. x2; The lemure barely misses you.
You hit Pikel but do no damage.
Pikel is severely wounded.
You closely miss the lemure. x2; You slash the lemure!
Pikel hits you with a +2 whip of flaming!
You die...

##....###.#
#..#.....### #
##.#####....###
#.## ####....
##.# ####. #.##
##.. ##.# #...
##5##### #...
#@55...# #...
#K5....# #...
........# #...
.........# #...
..........#
##..
............#
##.
#............#
##
.............


You could see Pikel and 4 lemures.

Vanquished Creatures
  A hound (D:5)
  A gnoll bouda (D:5)
  An iguana (D:4)
  An orc wizard (D:3)
  5 gnolls (D:5)
  2 adders (D:2)
  5 worms
  9 orcs
  11 endoplasms
  4 giant cockroaches
  6 goblins
  6 hobgoblins
  9 kobolds
  8 quokkas
  5 ball pythons
  2 bats
  2 frilled lizards
  7 rats
85 creatures vanquished.

Notes
Turn   | Place    | Note
-------+----------+-------------------------------------------
     0 | D:1      | Iich the Hill Orc Fighter began the quest for the Orb.
     0 | D:1      | Reached XP level 1. HP: 19/19 MP: 1/1
     9 | D:1      | Reached skill level 3 in Axes
    28 | D:1      | Reached XP level 2. HP: 20/27 MP: 2/2
   265 | D:1      | Identified a scroll of acquirement
   290 | D:1      | Acquired the +3 pair of seven-league boots {Rampage+∞}
   290 | D:1      | Found the +3 pair of seven-league boots {Rampage+∞}
   302 | D:1      | Reached skill level 4 in Axes
   309 | D:1      | Reached XP level 3. HP: 33/33 MP: 3/3
   787 | D:2      | Reached XP level 4. HP: 41/41 MP: 4/4
   822 | D:2      | Reached skill level 5 in Axes
  1273 | D:3      | Reached XP level 5. HP: 47/47 MP: 5/5
  2062 | D:4      | Reached skill level 5 in Fighting
  2062 | D:4      | Reached skill level 6 in Axes
  2223 | D:4      | Gained mutation: You have a pair of small horns on your
                  | head. [potion of mutation]
  2499 | D:5      | Entered Level 5 of the Dungeon
  2549 | D:5      | Reached XP level 6. HP: 6/56 MP: 6/6
  2651 | D:5      | Noticed Pikel
  2667 | D:5      | Reached skill level 7 in Axes
  2669 | D:5      | Slain by Pikel

Illustrated notes

Levels and vault maps discovered:
D:1:      dpeg_arrival_brainrot, layout_rooms, minmay_heptomino_l4
D:2:      layout_basic, eino_curves_02, amcnicky_mini_pool_small
D:3:      layout_basic
D:4:      layout_loops_ring
D:5:      layout_cave_pods, serial_shops, nicolae_shop_statue_plus, uniq_pikel

Skill      XL: |  1  2  3  4  5  6 |
---------------+-------------------+-----
Axes           | 3 4 5 6 7 |  7.1
Fighting       | 4 5 |  5.5
Armour         | |  3.2
Shields        | |  3.2

Action                     |  1- 3 |  4- 6 || total
---------------------------+-------+-------++-------
  Melee: War axe           |    95 |   149 ||   244
         Headbutt          |       |     3 ||     3
    Use: Scroll            |     6 |     1 ||     7
         Potion            |       |     6 ||     6
 Armour: Scale mail        |    38 |    70 ||   108
  Dodge: Dodged            |    31 |    60 ||    91
  Block: Buckler           |    14 |    29 ||    43

Table legend: (Time is in decaauts)
 A = Elapsed time spent in this place.
 B = Non-inter-level travel time spent in this place.
 C = Inter-level travel time spent in this place.
 D = Time resting spent in this place.
 E = Time spent auto-exploring this place.
 F = Levels seen in this place.
 G = Mean time per level.
                   A        B        C        D        E       F      G
               +--------+--------+--------+--------+--------+-----+--------+
         Total |   2736 |   2637 |     99 |      3 |   2047 |   5 |  547.2 |
       Dungeon |   2736 |   2637 |     99 |      3 |   2047 |   5 |  547.2 |
               +--------+--------+--------+--------+--------+-----+--------+

Top non-repeatable levels by time:
     D:3: 862 daAuts
     D:4: 636 daAuts
     D:1: 600 daAuts
     D:2: 462 daAuts
     D:5: 175 daAuts
